 Dungeon Crawl Stone Soup version 0.28-a0-1415-g7c84da036a (webtiles) character file.

Game seed: 5398072308243751137

72 SensoryNuts the Skirmisher (level 4, -10/35 HPs)
             Began as a Demonspawn Fighter on Jan 8, 2022.
             Killed by divine providence
             ... invoked by an orc priest
              (14 damage)
             ... on level 3 of the Dungeon.
             The game lasted 00:01:51 (2391 turns).

SensoryNuts the Skirmisher (Demonspawn Fighter)     Turns: 2391, Time: 00:01:52

Health: -10/35     AC: 10    Str: 19    XL:     4   Next: 6%
Magic:  4/4        EV:  9    Int:  9    God:
Gold:   178        SH:  4    Dex: 12    Spells: 3/3 levels left

rFire   + . .      SeeInvis .   a - +1 long sword
rCold   . . .      Faith    .   c - +0 buckler
rNeg    . . .      Spirit   .   b - +0 scale mail
rPois   .          Reflect  .   (no helmet)
rElec   .          Harm     .   (no cloak)
rCorr   .          Rampage  .   (no gloves)
Will    .....                   (no boots)
Stlth   ..........              (no amulet)
HPRegen 0.11/turn               h - +4 ring of protection
MPRegen 0.09/turn               (no ring)

@: no status effects
A: claws 1, spiny 1, sturdy frame 1, fire resistance 1, subdued magic 1
a: no special abilities


You were on level 3 of the Dungeon.
You visited 1 branch of the dungeon, and saw 3 of its levels.

You collected 178 gold pieces.

Inventory:

Hand Weapons
 a - a +1 long sword (weapon)
Armour
 b - a +0 scale mail (worn)
 c - a +0 buckler (worn)
Jewellery
 h - a +4 ring of protection (left claw)
Scrolls
 e - a scroll of amnesia
 f - a scroll of vulnerability
 i - a scroll of torment
 j - a scroll of identify
 k - a scroll of immolation {unknown}
Potions
 d - a potion of might
 g - a potion of heal wounds


   Skills:
 + Level 3.4 Fighting
 + Level 2.7 Long Blades
 + Level 3.2 Armour
 + Level 0.3 Dodging
 + Level 3.0 Shields


You had 3 spell levels left.
You didn't know any spells.
Your spell library was empty.

Dungeon Overview and Level Annotations

Branches:
Dungeon (3/15)

Altars:

Shops:
D:2 (


Innate Abilities, Weirdness & Mutations

You have sharp fingernails.
You are partially covered in sharp spines.
Your movements are slightly less encumbered by armour. (ER -2)
Your flesh is heat resistant. (rF+)
Your spells are a little easier to cast, but a little less powerful.


Message History

The orc priest begins to cast a cantrip, but forgets the words!
You hit the orc.
The orc is severely wounded.
The orc closely misses you.
The orc priest calls down the wrath of Beogh upon you.
Beogh smites you!
You closely miss the orc.
The orc is severely wounded.
The orc is struck by your spines.
You kill the orc!
A goblin comes into view. It is wielding a +0 club.
The orc priest invokes the aid of Beogh against you.
Pain shoots through your body! The orc is struck by your spines.
The orc barely misses you.
You see here a +0 dagger.
You are too injured to fight recklessly!
You are too injured to fight recklessly!
You are too injured to fight recklessly!
You are too injured to fight recklessly!
You are too injured to fight recklessly!
You are too injured to fight recklessly!
You are too injured to fight recklessly!
You are too injured to fight recklessly!
You are too injured to fight recklessly!
You are too injured to fight recklessly!
You are too injured to fight recklessly!
You are too injured to fight recklessly!
You are too injured to fight recklessly!
You are too injured to fight recklessly!
You are too injured to fight recklessly!
You are too injured to fight recklessly!
You are too injured to fight recklessly!
You are too injured to fight recklessly!
Unknown command.
The orc priest calls down the wrath of Beogh upon you.
Beogh smites you!
* * * LOW HITPOINT WARNING * * *
The orc priest calls down the wrath of Beogh upon you.
Beogh smites you!
You die...

.# ##+####.#
........##
.........
.......#
##########
.......+
#.@.......
.......#
#.########
..)....# #o#
###..### .#.#
##≈#.# #.#.#
#≈≈≈.#### #.#.#
##≈≈...g#####.#o#
...≈≈....o....#.#
...≈≈.........#g#


You could see an orc priest and an orc.

Vanquished Creatures
  2 adders (D:2)
  A worm (D:2)
  2 orcs (D:3)
  5 bats
  An endoplasm (D:1)
  2 giant cockroaches
  4 goblins
  2 hobgoblins (D:2)
  3 jackals (D:2)
  2 quokkas (D:2)
  6 ball pythons
  12 frilled lizards
  2 kobolds
  4 rats
48 creatures vanquished.

Notes
Turn   | Place    | Note
-------+----------+-------------------------------------------
     0 | D:1      | SensoryNuts the Demonspawn Fighter began the quest for the
                  | Orb.
     0 | D:1      | Reached XP level 1. HP: 18/18 MP: 1/1
   552 | D:1      | Gained mutation: You are partially covered in sharp spines.
                  | [demonic ancestry]
   552 | D:1      | Reached XP level 2. HP: 22/24 MP: 2/2
  1002 | D:1      | Gained mutation: Your spells are a little easier to cast,
                  | but a little less powerful. [potion of mutation]
  1002 | D:1      | Gained mutation: Your flesh is heat resistant. (rF+)
                  | [potion of mutation]
  1098 | D:2      | Gained mutation: Your movements are slightly less
                  | encumbered by armour. (ER -2) [demonic ancestry]
  1098 | D:2      | Reached XP level 3. HP: 27/29 MP: 3/3
  1307 | D:2      | Found Honul's Weapon Shop.
  2270 | D:3      | Gained mutation: You have sharp fingernails. [demonic
                  | ancestry]
  2270 | D:3      | Reached XP level 4. HP: 35/35 MP: 4/4
  2391 | D:3      | Killed from afar by an orc priest

Illustrated notes

Levels and vault maps discovered:
D:1:      psy_arrival_terrarium, layout_basic, fountainhead, minmay_lizard_pond
D:2:      layout_basic, serial_shops, nicolae_shop_bloodbath_and_beyond,
          minivault_11
D:3:      layout_basic, serial_rivers, chequers_serial_rivers_small_a,
          chequers_serial_rivers_room_b, chequers_serial_rivers_room_b,
          chequers_serial_rivers_large_b

Skill      XL: |  1  2  3 |
---------------+----------+-----
Long Blades    | 2 |  2.7
Armour         | 3 |  3.2
Shields        | 3 |  3.0
Fighting       | |  3.4
Dodging        | |  0.3

Action                   |  1- 3 |  4- 6 || total
-------------------------+-------+-------++-------
Melee: Long sword        |    88 |     4 ||    92
  Use: Scroll            |     4 |       ||     4
       Potion            |     3 |       ||     3
Armor: Scale mail        |    53 |       ||    53
Dodge: Dodged            |    39 |     3 ||    42
Block: Buckler           |    16 |     1 ||    17

Table legend: (Time is in decaauts)
 A = Elapsed time spent in this place.
 B = Non-inter-level travel time spent in this place.
 C = Inter-level travel time spent in this place.
 D = Time resting spent in this place.
 E = Time spent auto-exploring this place.
 F = Levels seen in this place.
 G = Mean time per level.
                   A        B        C        D        E       F      G
               +--------+--------+--------+--------+--------+-----+--------+
         Total |   2453 |   2431 |     22 |    132 |   1991 |   3 |  817.7 |
       Dungeon |   2453 |   2431 |     22 |    132 |   1991 |   3 |  817.7 |
               +--------+--------+--------+--------+--------+-----+--------+

Top non-repeatable levels by time:
     D:1: 1030 daAuts
     D:2: 910 daAuts
     D:3: 513 daAuts
